 Dungeon Crawl Stone Soup version 0.18.1-47-g9310371 (console) character file.

110860 Kloppie the Bludgeoner (level 16, -3/106 HPs)
             Began as a Gargoyle Fighter on June 19, 2016.
             Was the Champion of Okawaru.
             Killed by angry trees
             ... awakened by a spriggan druid
              (5 damage)
             ... on level 3 of the Swamp on June 20, 2016.
             The game lasted 01:09:17 (29697 turns).

Kloppie the Bludgeoner (Gargoyle Fighter)          Turns: 29697, Time: 01:09:17

Health: -3/106     AC: 46    Str: 23    XL:     16   Next: 56%
Magic:  19/21      EV: 11    Int: 11    God:    Okawaru [******]
Gold:   2266       SH: 18    Dex: 14    Spells: 0 memorised, 15 levels left

rFire  . . .     SeeInvis +     b - +1 eveningstar (protect)
rCold  + . .     Gourm    .     z - +4 chain mail {rC+}
rNeg   + . .     Faith    .     v - +0 shield {reflect}
rPois  ∞         Spirit   .     w - +1 helmet
rElec  +         Dismiss  .     x - +0 cloak {MR+}
rCorr  .         Reflect  +     c - +1 pair of gloves {Dex+3}
SustAt .         Harm     .     C - +0 pair of boots
MR     +++..                    Q - amulet of regeneration
Stlth  ..........               k - ring of see invisible
                                h - ring "Musekay" {+Inv MR+}

@: heroism, extremely resistant to hostile enchantments, extremely unstealthy
A: big wings, large bone plates 1, negative energy resistance 1, electricity
resistance, wild magic 1, unbreathing, petrification resistance, rot immunity,
AC +11
a: Fly, Heroism, Finesse, Renounce Religion, Evoke Invisibility


You were on level 3 of the Swamp.
You worshipped Okawaru.
Okawaru was exalted by your worship.
You were not hungry.

You visited 5 branches of the dungeon, and saw 28 of its levels.
You also visited: Ossuary.

You collected 3225 gold pieces.
You spent 959 gold pieces at shops.

Inventory:

Hand Weapons
 a - a +3 morningstar of holy wrath
 b - a +1 eveningstar of protection (weapon)
 r - a +0 morningstar
Armour
 c - a +1 pair of gloves of dexterity (worn)
 v - a +0 shield of reflection (worn)
 w - a +1 helmet (worn)
 x - a +0 cloak of magic resistance (worn)
 y - the +0 cloak of Zagh {+Blink rN+}
   (Okawaru gifted it to you on level 13 of the Dungeon)

   It protects you from negative energy.
   It lets you blink.
 z - a +4 chain mail of cold resistance (worn)
 C - a +0 pair of boots (worn)
Jewellery
 h - the ring "Musekay" (left hand) {+Inv MR+}
   (You bought it in a shop on level 2 of the Orcish Mines)

   [ring of protection from magic]

   It affects your resistance to hostile enchantments.
   It lets you turn invisible.
 k - a ring of see invisible (right hand)
 G - the ring of the Furies {rN+ Str-2 Dex+2 Stlth+}
   (You found it on level 8 of the Lair of Beasts)

   [ring of stealth]

   It affects your strength (-2).
   It affects your dexterity (+2).
   It protects you from negative energy.
   It makes you more stealthy.
 Q - an amulet of regeneration (around neck)
Wands
 B - a wand of confusion (19/48)
 E - a wand of teleportation (6/9)
 F - a wand of disintegration (12/24)
 H - a wand of digging (19/24)
Scrolls
 d - 2 scrolls of blinking
 g - 7 scrolls of teleportation
 i - 6 scrolls of remove curse
 j - 4 scrolls of fear
 q - a scroll of amnesia
 t - 7 scrolls of magic mapping
 I - a scroll of enchant weapon
 M - 2 scrolls of identify
Potions
 e - 4 potions of flight
 l - 3 potions of cancellation
 m - 4 potions of heal wounds
 n - a potion of haste
 p - a potion of berserk rage
 u - 2 potions of invisibility
 A - a potion of might
 D - 9 potions of curing
 K - a potion of brilliance
 L - a potion of resistance
 O - 2 potions of cure mutation
 R - 3 potions of agility
Books
 J - a book of Beasts

   Spells                             Type                      Level
   a - Summon Butterflies             Summoning                    1
   b - Call Canine Familiar           Summoning                    3
   c - Summon Ice Beast               Ice/Summoning                4
   d - Summon Mana Viper              Hexes/Summoning              5
   e - Summon Hydra                   Summoning                    7
Comestibles
 f - 13 bread rations
 o - 11 beef jerkies
 s - 3 slices of pizza
 N - 4 chunks of flesh


   Skills:
 + Level 14.1(19.1) Fighting
 + Level 16.7(21.7) Maces & Flails
 + Level 14.0(19.0) Armour
 - Level 15.0(20.0) Shields
 - Level 7.0 Invocations


You had 15 spell levels left.
You didn't know any spells.

Dungeon Overview and Level Annotations

Branches:
Dungeon (14/15)            Temple (1/1) D:7            Lair (8/8) D:9
  Swamp (3/4) Lair:3       Spider (0/4) Lair:5        Slime (0/6) Lair:6
    Orc (2/2) D:11            Elf (0/3) Orc:2        Vaults (0/5) D:14

Altars:
Ashenzari
Cheibriados
Dithmenos
Elyvilon
Fedhas
Gozag
Kikubaaqudgha
Makhleb
Nemelex Xobeh
Okawaru
Pakellas
Qazlal
Ru
Sif Muna
Trog
Vehumet
Xom
Yredelemnul
Zin
The Shining One
Jiyva

Shops:
D:8 ?   D:10 (   D:12 }   Orc:2 [(=*

Annotations:
D:6 exclusion: oklob plant
Lair:5 exclusion: ice statue


Innate Abilities, Weirdness & Mutations

You are resistant to torment.
Your stone body is resilient (AC +11).
You are immune to poison.
Your large and strong wings let you fly indefinitely.
You resist negative energy.
You are resistant to electric shocks.
You can survive without breathing.
You are immune to petrification.
You are immune to rotting.
You are partially covered in large bone plates (AC +2, SH +2).
Your spells are a little harder to cast, but a little more powerful.


Message History

The spriggan druid is heavily wounded.
The spriggan druid hits you but does no damage.
You barely miss the spriggan druid.
The spriggan druid is heavily wounded.
A root smacks you from below.
* * * LOW HITPOINT WARNING * * *
Your chain mail prevents you from hitting the spriggan druid.
The spriggan druid is heavily wounded.
A root smacks you from below.
* * * LOW HITPOINT WARNING * * *
The spriggan druid casts a spell at you.
The stone arrow misses you.
You gain the combat prowess of a mighty hero.
You feel slightly more hungry.
You are hit by a branch!
* * * LOW HITPOINT WARNING * * *
You block the spriggan druid's attack.
You hit the spriggan druid.
The spriggan druid is heavily wounded.
A root smacks you from below.
You die...

≈≈.♣ ♣♣.§≈≈ ≈≈≈.♣♣ ♣♣♣.≈
≈≈≈≈≈. ♣≈.§ .≈≈≈≈.♣♣♣≈≈.
♣♣♣♣♣ ♣.)≈.♣.....
♣≈.≈.♣♣♣♣ ♣≈≈........
♣.≈≈.≈≈≈♣♣♣♣♣♣≈≈≈...#.##
♣.≈≈.≈≈.≈.≈.♣ ♣....#....
♣..§≈.i@≈≈≈.♣♣♣≈........
♣.≈≈.>≈♣....≈≈♣≈≈..#...÷
♣≈≈≈≈.§♣♣♣..♣♣♣..≈.≈.≈..[
♣♣≈≈≈.♣♣ ♣♣♣♣ ♣≈≈≈....≈..
♣.≈.♣ ♣≈≈.≈≈.≈.## ♣.≈≈≈
♣♣....≈≈≈≈. ♣≈≈≈.
♣♣§♣..≈... ♣♣..♣
♣♣♣♣...≈♣ ♣♣ ♣♣....


You could see a spriggan druid.

Vanquished Creatures
  Rupert (Lair:3)
  Frances (Swamp:1)
  Kirke (Lair:7)
  2 thorn hunters
  Donald (Orc:2)
  Aizul (Swamp:2)
  An orc warlord (Orc:2)
  Nessos (D:14)
  5 dire elephants (Lair:8)
  Snorg (Lair:5)
  An ogre mage (D:14)
  Josephine (Lair:6)
  11 hydras
  An ice dragon (Lair:5)
  3 catoblepae
  An anaconda (Lair:8)
  6 alligators
  3 centaur warriors
  3 orc high priests (Orc:2)
  A skeletal warrior (D:13)
  2 unseen horrors
  A deep elf archer (D:14)
  A shambling mangrove (Swamp:2)
  Pikel (D:7)
  4 orc knights (Orc:2)
  4 deep elf magi
  3 hill giants
  A wizard (D:9)
  2 manticores
  An ugly thing (D:13)
  4 orc sorcerers (Orc:2)
  4 cyclopes
  4 elephants (Lair:8)
  4 black mambas
  The ghost of Kloppie the Shield-Bearer, a novice FoFi of Okawaru (D:5)
  2 gargoyles
  21 spiny frogs
  7 centaur skeletons
  A kobold demonologist (D:12)
  3 rime drakes
  6 komodo dragons
  4 trolls
  2 two-headed ogres
  3 giant leeches (Swamp:1)
  12 slime creatures
  2 polar bears
  14 blink frogs
  6 bog bodies
  5 wraiths
  4 shadows
  A vampire (D:14)
  A redback (Lair:5)
  2 wyverns
  7 spriggans
  Eustachio (D:5)
  7 fire bats (Lair:3)
  4 hogs (Lair:7)
  53 yaks
  4 hungry ghosts (D:11)
  2 basilisks
  7 vampire mosquitoes
  6 hippogriffs
  12 swamp worms
  A mottled dragon (D:13)
  2 wargs (Orc:2)
  17 insubstantial wisps
  15 water moccasins
  3 soldier ants (D:13)
  11 porcupines
  2 big kobolds
  2 swamp drakes (Swamp:2)
  29 orc warriors
  5 phantoms
  3 slaves (D:7)
  7 wasps
  8 ice beasts
  A black bear (Lair:3)
  A necrophage (D:14)
  4 sky beasts
  12 ogres
  2 eyes of draining
  5 wolves
  A wolf (shapeshifter) (D:13)
  7 centaurs
  17 crocodiles
  Blork the orc (D:5)
  27 giant frogs
  An elf zombie (Ossuary)
  5 scorpions
  A water moccasin skeleton (D:6)
  6 killer bees (D:11)
  4 troll zombies (D:11)
  9 wights
  5 howler monkeys
  9 electric eels
  10 crimson imps
  3 giant frog zombies
  11 hounds
  2 quasits
  A wasp zombie (D:9)
  3 centaur zombies
  10 jellies
  5 giant frog skeletons
  Crazy Yiuf (D:6)
  11 orc priests
  16 orc wizards
  Natasha (thrice) (D:4)
  8 iguanas
  12 worker ants
  12 sheep
  3 big kobold zombies (Ossuary)
  2 ogre zombies (D:11)
  A hound zombie (D:11)
  2 mummies (Ossuary)
  A howler monkey zombie (D:6)
  A worker ant zombie (D:7)
  4 gnolls (D:6)
  15 adders
  63 river rats
  2 shadow imps
  12 oozes
  A worm zombie (D:5)
  6 adder skeletons
  An adder zombie (D:8)
  2 worms (D:3)
  A dart slug (D:2)
  3 giant geckos
  78 orcs
  6 bats
  5 giant cockroaches
  2 goblins (D:1)
  5 hobgoblins
  4 jackals (D:9)
  A ball python (D:3)
  9 giant newts
  A gnoll zombie (Ossuary)
  A goblin skeleton (D:11)
  5 goblin zombies
  A hobgoblin skeleton (D:11)
  7 hobgoblin zombies
  A jackal zombie (D:5)
  21 kobolds
  An orc skeleton (D:11)
  12 orc zombies
  6 rats
  4 plants (Lair:8)
903 creatures vanquished.

Vanquished Creatures (others)
  A slave (D:7)
  A giant frog (D:7)
  An orc priest (Orc:2)
  A white imp (Lair:5)
  19 fungi
  7 plants
30 creatures vanquished.

Grand Total: 933 creatures vanquished

Notes
Turn   | Place    | Note
--------------------------------------------------------------
     0 | D:1      | Kloppie the Gargoyle Fighter began the quest for the Orb.
     0 | D:1      | Reached XP level 1. HP: 14/14 MP: 1/1
   209 | D:1      | Reached XP level 2. HP: 18/19 MP: 2/2
   537 | D:1      | Reached XP level 3. HP: 24/24 MP: 3/3
  1879 | D:3      | Reached XP level 4. HP: 29/29 MP: 4/4
  2078 | D:3      | Reached skill level 3 in Maces & Flails
  2217 | D:3      | Reached XP level 5. HP: 32/33 MP: 5/5
  2705 | D:4      | Noticed an ogre
  2709 | D:4      | Noticed Natasha
  2725 | D:4      | Killed an ogre
  2725 | D:4      | Reached XP level 6. HP: 25/40 MP: 6/6
  2747 | D:4      | Killed Natasha
  3047 | D:4      | Noticed a phantom
  3049 | D:4      | Reached skill level 5 in Fighting
  3049 | D:4      | Reached skill level 5 in Armour
  3076 | D:4      | Killed a phantom
  3076 | D:4      | Reached skill level 4 in Maces & Flails
  3076 | D:4      | Reached XP level 7. HP: 31/44 MP: 7/7
  3219 | D:4      | Noticed Natasha
  3239 | D:4      | Killed Natasha
  3239 | D:4      | Reached skill level 5 in Shields
  3413 | D:4      | Noticed Natasha
  3432 | D:4      | Killed Natasha
  3842 | D:5      | Entered Level 5 of the Dungeon
  3862 | D:5      | Found a sand-covered staircase.
  3920 | Ossuary  | Entered an ossuary
  4195 | Ossuary  | Reached XP level 8. HP: 40/51 MP: 8/8
  4307 | D:5      | Noticed Kloppie's ghost (novice FoFi)
  4329 | D:5      | Killed Kloppie's ghost
  4329 | D:5      | Reached skill level 5 in Maces & Flails
  4346 | D:5      | Found a bloodstained altar of Trog.
  4348 | D:5      | Found a sparkling altar of Nemelex Xobeh.
  4348 | D:5      | Found a shadowy altar of Dithmenos.
  4414 | D:5      | Noticed Eustachio
  4476 | D:5      | Killed Eustachio
  4878 | D:5      | Gained mutation: Your spells are a little harder to cast, but a little more powerful. [potion of beneficial mutation]
  4879 | D:5      | Gained mutation: You are partially covered in large bone plates (AC +2, SH +2). [potion of beneficial mutation]
  5016 | D:5      | Noticed Blork the orc
  5026 | D:5      | Killed Blork the orc
  5542 | D:6      | Found a shimmering altar of Xom.
  5551 | D:6      | Reached XP level 9. HP: 52/57 MP: 9/9
  5632 | D:6      | Noticed an oklob plant
  5647 | D:6      | Reached skill level 6 in Maces & Flails
  6450 | D:6      | Noticed Crazy Yiuf
  6461 | D:6      | Killed Crazy Yiuf
  6878 | D:7      | Noticed Pikel
  6910 | D:7      | Killed Pikel
  6910 | D:7      | Reached skill level 7 in Maces & Flails
  7149 | D:7      | Found a staircase to the Ecumenical Temple.
  7545 | D:7      | Reached XP level 10. HP: 63/65 MP: 10/10
  7865 | D:7      | Gained mutation: You are dopey. (Int -2) [mutagenic meat]
  7866 | D:7      | Lost mutation: Your spells are a little harder to cast, but a little more powerful. [mutagenic meat]
  7867 | D:7      | Gained mutation: You possess an exceptional clarity of mind. [mutagenic meat]
  7868 | D:7      | Gained mutation: Your body sometimes deteriorates upon taking damage. [mutagenic meat]
  7869 | D:7      | Gained mutation: Armour fits poorly on your strangely shaped body. [mutagenic meat]
  8014 | Temple   | Entered the Ecumenical Temple
  8204 | Temple   | Became a worshipper of Warmaster Okawaru
  8314 | D:8      | Found a shattered altar of Ashenzari.
  8417 | D:8      | Found Nudyw's Magic Scroll Emporium.
  8494 | D:8      | Gained mutation: You are clumsy. (Dex -2) [mutagenic meat]
  8495 | D:8      | Lost mutation: Your body sometimes deteriorates upon taking damage. [mutagenic meat]
  8496 | D:8      | Gained mutation: You have large cloven feet. [mutagenic meat]
  8497 | D:8      | Gained mutation: You are frail (-10% HP). [mutagenic meat]
  8498 | D:8      | Gained mutation: You are covered in fur (AC +1). [mutagenic meat]
  8499 | D:8      | Lost mutation: You are clumsy. (Dex -2) [mutagenic meat]
  8847 | D:8      | Found an opulent altar of Gozag.
  8849 | D:8      | Found a blossoming altar of Fedhas.
  8860 | D:8      | Found a glowing silver altar of Zin.
  9321 | D:9      | Noticed a centaur warrior
  9336 | D:9      | Killed a centaur warrior
  9336 | D:9      | Reached * piety under Okawaru
  9346 | D:9      | Noticed a wizard
  9359 | D:9      | Killed a wizard
  9359 | D:9      | Reached skill level 8 in Maces & Flails
  9737 | D:9      | Found a staircase to the Lair.
  9777 | D:9      | Reached ** piety under Okawaru
 10014 | D:9      | Reached XP level 11. HP: 55/64 MP: 11/11
 10099 | D:9      | Reached skill level 1 in Invocations
 10323 | D:9      | Reached skill level 9 in Maces & Flails
 10440 | Lair:1   | Entered Level 1 of the Lair of Beasts
 10591 | Lair:1   | Reached *** piety under Okawaru
 10604 | Lair:1   | Reached skill level 10 in Shields
 11071 | Lair:1   | Noticed a catoblepas
 11088 | Lair:1   | Killed a catoblepas
 11099 | Lair:1   | Reached **** piety under Okawaru
 11099 | Lair:1   | Reached skill level 10 in Maces & Flails
 11812 | Lair:2   | Reached ***** piety under Okawaru
 11938 | Lair:2   | Reached XP level 12. HP: 69/69 MP: 13/13
 11945 | Lair:2   | Reached skill level 11 in Maces & Flails
 12004 | Lair:2   | Identified the Incunabulum of Transformation and Stones
 12893 | Lair:3   | Noticed a catoblepas
 12917 | Lair:3   | Killed a catoblepas
 12917 | Lair:3   | Received a gift from Okawaru
 12994 | Lair:3   | Found a staircase to the Swamp.
 13198 | Lair:3   | Received a gift from Okawaru
 13198 | Lair:3   | Reached skill level 12 in Maces & Flails
 13511 | Lair:3   | Noticed Rupert
 13538 | Lair:3   | Killed Rupert
 13905 | Lair:4   | Received a gift from Okawaru
 13905 | Lair:4   | Reached XP level 13. HP: 71/72 MP: 14/14
 14101 | Lair:4   | Reached skill level 13 in Maces & Flails
 14841 | Lair:5   | Noticed Snorg
 15106 | Lair:5   | Killed Snorg
 15147 | Lair:5   | Noticed an ice dragon
 15336 | D:10     | Entered Level 10 of the Dungeon
 15702 | D:10     | Got a heavily runed granite ring
 15704 | D:10     | Identified the ring of the Cockroach {*Tele Str+4} (You found it on level 10 of the Dungeon)
 15832 | D:10     | Found Xifekk's Weapon Shop.
 16657 | D:11     | Found a staircase to the Orcish Mines.
 16981 | D:11     | Reached skill level 5 in Invocations
 17819 | D:11     | Reached ****** piety under Okawaru
 18412 | D:12     | Found Leegg's Gadget Emporium.
 18421 | D:12     | Reached skill level 14 in Maces & Flails
 18681 | D:13     | Received a gift from Okawaru
 18682 | D:13     | Got a faintly glowing cloak {god gift}
 18693 | D:13     | Identified the +0 cloak of Zagh {+Blink rN+} (Okawaru gifted it to you on level 13 of the Dungeon)
 18802 | D:13     | Gained mutation: Your large and strong wings let you fly indefinitely. [Gargoyle growth]
 18802 | D:13     | Reached XP level 14. HP: 57/78 MP: 0/18
 19212 | D:13     | Reached skill level 15 in Shields
 19614 | D:13     | Reached skill level 10 in Fighting
 20245 | D:14     | Reached skill level 10 in Armour
 20455 | D:14     | Noticed Nessos
 20494 | D:14     | Killed Nessos
 20894 | D:14     | Found a gate to the Vaults.
 21076 | D:14     | Received a gift from Okawaru
 21775 | Lair:5   | Found a hole to the Spider Nest.
 22126 | Lair:6   | Found a staircase to the Slime Pits.
 22126 | Lair:6   | Found a viscous altar of Jiyva.
 22138 | Lair:6   | Lost mutation: You are dopey. (Int -2) [potion of mutation]
 22138 | Lair:6   | Gained mutation: Your magical capacity is low (-10% MP). [potion of mutation]
 22138 | Lair:6   | Gained mutation: You have hoof-like feet. [potion of mutation]
 22295 | Lair:6   | Lost mutation: Your magical capacity is low (-10% MP). [potion of cure mutation]
 22295 | Lair:6   | Lost mutation: Armour fits poorly on your strangely shaped body. [potion of cure mutation]
 22295 | Lair:6   | Lost mutation: You possess an exceptional clarity of mind. [potion of cure mutation]
 22295 | Lair:6   | Lost mutation: You are covered in fur (AC +1). [potion of cure mutation]
 22295 | Lair:6   | Lost mutation: You have hoof-like feet. [potion of cure mutation]
 22295 | Lair:6   | Lost mutation: You are frail (-10% HP). [potion of cure mutation]
 22773 | Lair:7   | Noticed Josephine
 22810 | Lair:6   | Killed Josephine
 22810 | Lair:6   | Reached skill level 15 in Maces & Flails
 23525 | Orc:1    | Entered Level 1 of the Orcish Mines
 23840 | Orc:2    | Entered Level 2 of the Orcish Mines
 23934 | Orc:2    | Reached XP level 15. HP: 69/95 MP: 20/20
 24048 | Orc:2    | Found Kaucubb's General Store.
 24501 | Orc:2    | Noticed Donald
 24528 | Orc:2    | Killed Donald
 24528 | Orc:2    | Received a gift from Okawaru
 24649 | Orc:2    | Found Galuampeb's Antique Weapon Shoppe.
 24869 | Orc:2    | Noticed an orc warlord
 24886 | Orc:2    | Killed an orc warlord
 24996 | Orc:2    | Found a staircase to the Elven Halls.
 25030 | Orc:2    | Found Vuck's Antique Armour Shoppe.
 25039 | Orc:2    | Bought a pair of embroidered gloves for 153 gold pieces
 25039 | Orc:2    | Bought a glowing cloak for 153 gold pieces
 25039 | Orc:2    | Bought a runed chain mail for 153 gold pieces
 25278 | Orc:2    | Found Faotij's Jewellery Shop.
 25286 | Orc:2    | Bought a cursed ring of teleportation for 49 gold pieces
 25286 | Orc:2    | Bought the ring "Musekay" {+Inv MR+} for 429 gold pieces
 25286 | Orc:2    | Bought a cursed -3 ring of protection for 22 gold pieces
 25649 | Lair:8   | Entered Level 8 of the Lair of Beasts
 25649 | Lair:8   | Noticed Kirke
 25694 | Lair:7   | Killed Kirke
 26042 | Lair:8   | Identified a scroll of acquirement
 26685 | Lair:8   | Reached skill level 16 in Maces & Flails
 26817 | Lair:8   | Got an ancient wooden ring
 26825 | Lair:8   | Identified the ring of the Furies {rN+ Str-2 Dex+2 Stlth+} (You found it on level 8 of the Lair of Beasts)
 27016 | Swamp:1  | Entered Level 1 of the Swamp
 27192 | Swamp:1  | Received a gift from Okawaru
 27219 | Swamp:1  | Noticed Frances
 27236 | Swamp:1  | Killed Frances
 27610 | Swamp:1  | Reached XP level 16. HP: 88/104 MP: 21/21
 28295 | Swamp:2  | Noticed Aizul
 28300 | Swamp:2  | Noticed a thorn hunter
 28319 | Swamp:2  | Killed Aizul
 28329 | Swamp:2  | Killed a thorn hunter
 28340 | Swamp:2  | Lost mutation: You have large cloven feet. [mutagenic meat]
 28341 | Swamp:2  | Gained mutation: You are frail (-10% HP). [mutagenic meat]
 28342 | Swamp:2  | Gained mutation: Your spells are a little harder to cast, but a little more powerful. [mutagenic meat]
 28343 | Swamp:2  | Gained mutation: You have sharp toenails. [mutagenic meat]
 28344 | Swamp:2  | Gained mutation: You tend to lose your temper in combat. [mutagenic meat]
 28967 | Swamp:2  | Lost mutation: You are frail (-10% HP). [potion of cure mutation]
 28967 | Swamp:2  | Lost mutation: You tend to lose your temper in combat. [potion of cure mutation]
 28967 | Swamp:2  | Lost mutation: You have sharp toenails. [potion of cure mutation]
 29551 | Swamp:3  | Received a gift from Okawaru
 29666 | Swamp:3  | Noticed a thorn hunter
 29688 | Swamp:3  | Killed a thorn hunter
 29696 | Swamp:3  | HP: 2/106 [spriggan druid/angry trees (8)]
 29697 | Swamp:3  | Killed from afar by a spriggan druid

Skill      XL: |  1  2  3  4  5  6  7  8  9 10 11 12 13 14 15 16 |
---------------+-------------------------------------------------+-----
Fighting       | 4 5 7 8 9 11 13 14 | 14.1
Armour         | 4 5 6 8 9 11 13 14 | 14.0
Maces & Flails | 3 4 5 7 8 10 12 14 15 16 | 16.7
Shields        | 4 5 6 8 9 11 13 14 15 | 15.0
Invocations    | 2 6 7 |  7.0

Action                   |  1- 3 |  4- 6 |  7- 9 | 10-12 | 13-15 | 16-18 || total
-------------------------+-------+-------+-------+-------+-------+-------++-------
Melee: Flail             |   195 |   188 |   678 |   535 |       |       ||  1596
       Whip              |       |       |    23 |       |       |       ||    23
       Morningstar       |       |       |       |   816 |  1963 |       ||  2779
       Eveningstar       |       |       |       |       |   316 |   560 ||   876
Invok: Heroism           |       |       |       |     4 |    17 |     3 ||    24
       Finesse           |       |       |       |       |     4 |       ||     4
 Abil: Fly               |       |       |       |       |     1 |       ||     1
       Stop Flying       |       |       |       |       |     1 |       ||     1
Evoke: Wand              |       |     5 |    16 |     5 |     7 |       ||    33
  Use: Potion            |       |       |     4 |     3 |     6 |     2 ||    15
       Scroll            |       |       |    20 |     7 |    18 |     1 ||    46
 Stab: Confused          |       |     1 |       |     1 |       |       ||     2
       Petrified         |       |       |       |       |     2 |       ||     2
  Eat: Chunk             |     3 |     5 |     9 |    30 |    27 |     5 ||    79
       Meat ration       |       |       |     1 |     1 |     6 |       ||     8
       Bread ration      |       |       |     1 |       |       |     1 ||     2
       Pizza             |       |       |       |       |     1 |       ||     1
Armor: Scale mail        |    37 |       |       |       |       |       ||    37
       Plate armour      |    86 |   128 |   475 |   622 |   898 |       ||  2209
       Chain mail        |       |       |       |       |   222 |   260 ||   482
Dodge: Dodged            |    40 |    27 |   121 |   210 |   415 |   109 ||   922
Block: Shield            |   101 |    91 |   399 |   862 |  1728 |   393 ||  3574
       Reflection        |       |       |       |       |     3 |     3 ||     6
